 Dungeon Crawl Stone Soup version 0.29-a0-1008-g949cc1d0fb (webtiles) character file.

Game seed: 2036948090674125828

503 porpoise the Trooper (level 7, 0/54 HPs)
             Began as a Djinni Fire Elementalist on Aug 7, 2022.
             Killed from afar by Ijyb (15 damage)
             ... with a bolt of light
             ... on level 5 of the Dungeon.
             The game lasted 00:19:18 (4181 turns).

porpoise the Trooper (Djinni Fire Elementalist)     Turns: 4181, Time: 00:19:19

Health: 0/54       AC:  7    Str:  7    XL:     7   Next: 40%
Gold:   234        EV: 12    Int: 18    God:
                   SH:  0    Dex: 14

rFire   + + .      SeeInvis .   a - +0 scimitar
rCold   x . .      Faith    .   g - +0 buckler
rNeg    . . .      Spirit   .   i - +4 robe of the Game of Life {Rampage rCorr}
rPois   ∞          Reflect  .   (no helmet)
rElec   .          Harm     .   (no cloak)
rCorr   +          Rampage  +   o - +0 pair of gloves
Will    .....                   (boots unavailable)
Stlth   +.........              (no amulet)
HPRegen 0.18/turn               (no ring)
MPRegen 0.00/turn               (no ring)

@: confused, flying
A: sickness immunity, fire resistance 2, cold vulnerability 1, float, innate
caster, HP casting, extra vitality 1
a: no special abilities


You were on level 5 of the Dungeon.
You visited 1 branch of the dungeon, and saw 5 of its levels.

You collected 234 gold pieces.

Inventory:

Hand Weapons
 a - a +0 scimitar (weapon)
 r - the +4 quarterstaff "Omaa" {vorpal, rF+ rN+ Dex+6}
   (You found it on level 3 of the Dungeon)

   It inflicts extra damage upon your enemies.
   Dex:       It affects your dexterity (+6).
   rF:        It protects you from fire.
   rN:        It protects you from negative energy.
 w - a +1 dagger of venom
 F - a +0 sling
Missiles
 c - 3 atropa-tipped darts
 C - 10 poisoned darts
Armour
 g - a +0 buckler (worn)
 h - a +2 robe of fire resistance
 i - the +4 robe of the Game of Life (worn) {Rampage rCorr}
   (You found it on level 2 of the Dungeon)

   rCorr:     It protects you from acid and corrosion.
   Rampage:   It bestows one free step when moving towards enemies.
 o - a +0 pair of gloves (worn)
Jewellery
 b - a ring of protection from fire
 E - a ring of ice
Wands
 x - a wand of polymorph (5)
Scrolls
 d - a scroll of magic mapping {unknown}
 j - a scroll of immolation {unknown}
 p - a scroll of fear {unknown}
 q - a scroll of vulnerability
 s - a scroll of noise {unknown}
 v - 2 scrolls of teleportation {unknown}
 y - a scroll of enchant armour {unknown}
 B - 3 scrolls of identify
 D - a scroll of blinking {unknown}
Potions
 e - 3 potions of attraction
 f - 2 potions of cancellation
 k - a potion of heal wounds {unknown}
 l - a potion of resistance {unknown}
 m - 2 potions of curing
 n - a potion of ambrosia {unknown}
 t - a potion of brilliance {unknown}
 u - a potion of degeneration {unknown}
 z - 2 potions of mutation {unknown}
 A - a potion of lignification {unknown}


   Skills:
 * Level 5.5 Fighting
 + Level 1.6 Long Blades
 - Level 2.1 Dodging
 - Level 1.5 Stealth
 + Level 3.8 Spellcasting


You couldn't memorise any spells.
You knew the following spells:

 Your Spells              Type           Power      Damage    Failure   Level
a - Foxfire               Conj/Fire      68%        2x1d7     4%          1
b - Scorch                Fire           34%        2d7       6%          2
c - Conjure Flame         Conj/Fire      17%        6-21      12%         3
d - Inner Flame           Hex/Fire       17%        N/A       12%         3
e - Flame Wave            Conj/Fire      17%        2d7       38%         4
f - Sandblast             Erth           34%        2d9       4%          1
g - Ensorcelled Hibernat  Hex/Ice        34%        N/A       6%          2
h - Portal Projectile     Hex/Tloc       34%        N/A       12%         3
Your spell library was empty.

Dungeon Overview and Level Annotations

Branches:
Dungeon (5/15)
 Temple: D:4-7

Altars:
Gozag

Annotations:
D:5 Ijyb


Innate Abilities, Weirdness & Mutations

You are immune to sickness and miasma.
You are immune to poison.
Your flesh is very heat resistant. (rF++)
You are vulnerable to cold. (rC-)
You float through the air rather than walking.
You learn spells naturally, not from books.
Your magical power is your life essence.
You have superior vitality. (+4 MHP)


Message History

The gnoll hits you but does no damage.
You slash the gnoll!
The gnoll is severely wounded.
The gnoll hits you with a +0 club.
You slash the gnoll!
You kill the gnoll!
Items here: ))) †††.
Items here: ))) †††.
You start resting.
Ijyb the Twisted Goblin comes into view.
She is wielding a +0 dagger and carrying a wand of light (14).
You start resting.
Ijyb is nearby!
Okay, then.
Unknown command.
Press: ? - help, v - describe, . - travel
Here: Ijyb, wielding a +0 dagger, wearing a +0 ring mail and carrying a wand of light (14) (wandering, hasn't noticed you)
The floor.
Unknown command.
Items here: ))) †††.
Ijyb shouts!
Ijyb zaps a wand.
The bolt of light misses you. You block Ijyb's attack.
You barely miss Ijyb.
Ijyb zaps a wand.
The bolt of light hits you! Ijyb hits you but does no damage.
You closely miss Ijyb. Ijyb hits you with a +0 dagger.
You closely miss Ijyb. Ijyb hits you with a +0 dagger.
Ijyb hits you but does no damage.
You are too injured to fight recklessly!
You slash Ijyb!
Ijyb is heavily wounded.
Ijyb barely misses you.
You barely miss Ijyb.
Ijyb is heavily wounded.
Ijyb hits you but does no damage.
Ijyb zaps a wand.
The bolt of light hits you!
* * * LOW HITPOINT WARNING * * *
You slash Ijyb!
Ijyb is almost dead.
Ijyb zaps a wand.
The bolt of light hits you!
You are confused.
You die...

...###.....##
....##.....### .
.....#.>.....# ..
...........## ...
.....###..# ....
##...##.### .....
#........#
.$....####.......##
........).@.......#
.......##).g......##
.......##..........#
.................###
......##.......###
...... ##......#
...... ###.......#
...... #........#
........!#


You could see Ijyb.

Vanquished Creatures
  Sigmund (D:2)
  A hound (D:4)
  An orc priest (D:3)
  A gnoll bouda (D:4)
  An iguana (D:5)
  8 gnolls
  6 adders
  5 dart slugs
  6 orcs
  8 ball pythons
  6 bats
  4 endoplasms
  2 giant cockroaches (D:2)
  5 hobgoblins
  A jackal (D:3)
  5 kobolds
  3 quokkas
  4 frilled lizards
  7 goblins
  8 rats (D:1)
83 creatures vanquished.

Vanquished Creatures (others)
  149 foxfires
  5 plants (D:4)
154 creatures vanquished.

Grand Total: 237 creatures vanquished

Notes
Turn   | Place    | Note
-------+----------+-------------------------------------------
     0 | D:1      | porpoise the Djinni Fire Elementalist began the quest for
                  | the Orb.
     0 | D:1      | porpoise set off with the following spells memorised:
                  | Foxfire, Scorch, Conjure Flame, Inner Flame, Flame Wave.
     0 | D:1      | Reached XP level 1. HP: 15/15 MP: 0/0
   271 | D:1      | Reached skill level 1 in Fighting
   376 | D:1      | Reached XP level 2. HP: 21/22 MP: 0/0
   807 | D:1      | Reached XP level 3. HP: 21/28 MP: 0/0
   807 | D:1      | Learned a level 1 spell: Sandblast
   907 | D:1      | Reached skill level 2 in Fighting
  1301 | D:2      | Reached XP level 4. HP: 32/34 MP: 0/0
  1366 | D:2      | Identified the +3 dagger "Fatobb" {vorpal, rF+ Dex+2}
  1453 | D:2      | Noticed Sigmund
  1465 | D:2      | Killed Sigmund
  1466 | D:2      | Reached skill level 4 in Fighting
  1466 | D:2      | Reached XP level 5. HP: 8/42 MP: 0/0
  1466 | D:2      | Learned a level 2 spell: Ensorcelled Hibernation
  1466 | D:2      | Reached XP level 6. HP: 10/48 MP: 0/0
  1822 | D:2      | Found a faded altar of an unknown god.
  1824 | D:2      | Identified the +4 robe of the Game of Life {Rampage rCorr}
  2231 | D:3      | Identified the +4 quarterstaff "Omaa" {vorpal, rF+ rN+
                  | Dex+6}
  2589 | D:3      | Found an opulent altar of Gozag.
  3204 | D:4      | Reached skill level 5 in Fighting
  3209 | D:4      | Reached skill level 1 in Long Blades
  3216 | D:4      | Reached XP level 7. HP: 15/54 MP: 0/0
  3216 | D:4      | Learned a level 3 spell: Portal Projectile
  3882 | D:5      | Entered Level 5 of the Dungeon
  4166 | D:5      | Noticed Ijyb
  4181 | D:5      | Killed from afar by Ijyb

Illustrated notes

Levels and vault maps discovered:
D:1:      amcnicky_arrival_underground_garden, layout_rooms
D:2:      layout_basic, nicolae_ecumenical_pavilion, minmay_misc_feat_diagonals,
          minmay_tetromino_s4, uniq_sigmund
D:3:      layout_basic, grunt_gozag_breadcrumbs, kennysheep_generic_room_15
D:4:      minmay_recursive_quarters, layout_rooms, minmay_misc_feat_square,
          serial_bayou_lagoon_a
D:5:      layout_cave_pools, ebering_ghost_reflecting_pool, serial_shops, shop,
          minmay_checkerbox, uniq_ijyb, uniq_menkaure

Skill      XL: |  1  2  3  4  5  6 |
---------------+-------------------+-----
Fighting       | 1 2 4 5 |  5.5
Spellcasting   | 3 |  3.8
Long Blades    | 1 |  1.6
Dodging        | |  2.1
Stealth        | |  1.5

Action                   |  1- 3 |  4- 6 |  7- 9 || total
-------------------------+-------+-------+-------++-------
Melee: Trident           |    29 |     4 |       ||    33
       Unarmed           |     1 |       |       ||     1
       Scimitar          |       |    17 |    46 ||    63
 Cast: Foxfire           |    35 |    43 |     7 ||    85
       Scorch            |     4 |    11 |       ||    15
       Sandblast         |       |     6 |     1 ||     7
       Ensorcelled Hiber |       |       |     2 ||     2
  Use: Scroll            |       |     3 |       ||     3
       Potion            |       |     1 |       ||     1
 Stab: Sleeping          |     1 |     1 |       ||     2
Armor: Robe              |     9 |    11 |    17 ||    37
Dodge: Dodged            |    31 |    26 |    25 ||    82
Block: Buckler           |       |     3 |     7 ||    10

Table legend: (Time is in decaauts)
 A = Elapsed time spent in this place.
 B = Non-inter-level travel time spent in this place.
 C = Inter-level travel time spent in this place.
 D = Time resting spent in this place.
 E = Time spent auto-exploring this place.
 F = Levels seen in this place.
 G = Mean time per level.
                   A        B        C        D        E       F      G
               +--------+--------+--------+--------+--------+-----+--------+
         Total |   4218 |   4131 |     87 |   1561 |   1762 |   5 |  843.6 |
       Dungeon |   4218 |   4131 |     87 |   1561 |   1762 |   5 |  843.6 |
               +--------+--------+--------+--------+--------+-----+--------+

Top non-repeatable levels by time:
     D:1: 1181 daAuts
     D:4: 975 daAuts
     D:3: 911 daAuts
     D:2: 839 daAuts
     D:5: 310 daAuts
